 Dungeon Crawl Stone Soup version 0.22-a0-587-g7d32d7c (webtiles) character file.

1118 Amnesiac the Skirmisher (level 8, 0/61 HPs)
             Began as a Mummy Fighter on July 4, 2018.
             Was an Initiate of Okawaru.
             Slain by a two-headed ogre
             ... wielding a +0 giant club
              (8 damage)
             ... on level 8 of the Dungeon.
             The game lasted 00:04:13 (3318 turns).

Amnesiac the Skirmisher (Mummy Fighter)             Turns: 3318, Time: 00:04:14

Health: 0/61       AC:  9    Str: 21    XL:     8   Next: 12%
Magic:  9/9        EV:  7    Int:  7    God:    Okawaru [......]
Gold:   151        SH: 10    Dex: 12    Spells: 7/7 levels left

rFire    x . .     SeeInvis .   a - +0 long sword
rCold    + . .     Gourm    .   c - +1 shield
rNeg     + + +     Faith    .   j - +0 chain mail
rPois    ∞         Spirit   .   (no helmet)
rElec    .         Reflect  .   (no cloak)
rCorr    .         Harm     .   (no gloves)
MR       +....                  (no boots)
Stlth    ..........             (no amulet)
HPRegen  0.20/turn              (no ring)
MPRegen  0.11/turn              (no ring)

@: no status effects
A: no food or potions, fire vulnerability, cold resistance 1, negative energy
resistance 3, torment resistance, unbreathing
a: Renounce Religion


You were on level 8 of the Dungeon.
You worshipped Okawaru.
Okawaru was noncommittal.
You were not hungry.

You visited 2 branches of the dungeon, and saw 7 of its levels.

You collected 151 gold pieces.

Inventory:

Hand Weapons
 a - a +0 long sword (weapon)
 l - a +0 blowgun
Missiles
 e - 121 stones (quivered)
Armour
 c - a +1 shield (worn)
 d - a cursed +0 ring mail
 j - a +0 chain mail (worn)
Wands
 b - a wand of digging (5)
 m - a wand of acid (2)
 n - a wand of random effects (33)
Scrolls
 g - a scroll of amnesia {!r}
 k - a scroll of enchant armour {!r}


   Skills:
 + Level 4.9 Fighting
 - Level 1.5 Long Blades
 + Level 4.1 Armour
 + Level 4.1 Dodging
 + Level 4.0 Shields
 + Level 2.3 Invocations
 + Level 2.2 Evocations


You had 7 spell levels left.
You didn't know any spells.
Your spell library was empty.

Dungeon Overview and Level Annotations

Branches:
Dungeon (5/15)             Temple (1/1) D:4

Altars:
Ashenzari
Cheibriados
Dithmenos
Elyvilon
Fedhas
Gozag
Hepliaklqana
Kikubaaqudgha
Makhleb
Nemelex Xobeh
Okawaru
Qazlal
Ru
Sif Muna
Trog
Uskayaw
Vehumet
Wu Jian
Xom
Yredelemnul
Zin
The Shining One


Innate Abilities, Weirdness & Mutations

You do not eat or drink.
Your flesh is vulnerable to fire.
You are immune to poison.
Your flesh is cold resistant. (rC+)
You are immune to negative energy. (rN+++)
You are immune to unholy pain and torment.
You can survive without breathing.


Message History

You hit the worker ant.
You kill the worker ant!
Okawaru accepts your kill.
You swing at nothing.
Search for what [Enter for "oka", or ? for help]? sli Can't find anything matching that.
Unknown command.
There is an open door here.
You see here a worker ant corpse.
Found a glowing robe and a large shield.
A two-headed ogre and a lava snake come into view.
The two-headed ogre shouts in stereo!
There is an open door here.
You see here a worker ant corpse.
Evoke which item? (* to show all) (? for menu, Esc to quit)
Okay, then.
Evoke which item? (* to show all) (? for menu, Esc to quit)
Aiming: Random Effects
Press: ? - help, Shift-Dir - straight line, f - two-headed ogre
Aim: a two-headed ogre, wielding a giant club and a giant spiked club The two-headed ogre resists with some effort.
Evoke which item? (* to show all) (? for menu, Esc to quit)
Aiming: Random Effects
Press: ? - help, Shift-Dir - straight line, f/p - two-headed ogre
Aim: a two-headed ogre, wielding a giant club and a giant spiked club The mass of ice explodes!
The iceblast engulfs the two-headed ogre.
The two-headed ogre is moderately wounded.
Evoke which item? (* to show all) (? for menu, Esc to quit)
Aiming: Random Effects
Press: ? - help, Shift-Dir - straight line, f/p - two-headed ogre
Aim: a two-headed ogre, wielding a giant club and a giant spiked club (moderately wounded)
The two-headed ogre resists with some effort.
An orc comes into view. It is wielding a dagger.
Evoke which item? (* to show all) (? for menu, Esc to quit)
Aiming: Random Effects
Press: ? - help, Shift-Dir - straight line, f/p - two-headed ogre
Aim: a two-headed ogre, wielding a giant club and a giant spiked club (moderately wounded)
The mass of ice explodes!
The iceblast engulfs the two-headed ogre.
The two-headed ogre is heavily wounded.
Evoke which item? (* to show all) (? for menu, Esc to quit)
Aiming: Random Effects
Press: ? - help, Shift-Dir - straight line, f/p - two-headed ogre
Aim: a two-headed ogre, wielding a giant club and a giant spiked club (heavily wounded)
The two-headed ogre twists and deforms.
Evoke which item? (* to show all) (? for menu, Esc to quit)
Aiming: Random Effects
Press: ? - help, Shift-Dir - straight line, f/p - two-headed ogre
Aim: a two-headed ogre, wielding a giant club and a giant spiked club (heavily wounded, misshapen and mutated)
The mass of ice explodes!
The iceblast engulfs the two-headed ogre.
The two-headed ogre is severely wounded.
You slash the two-headed ogre!
The two-headed ogre is almost dead.
The two-headed ogre hits you with a giant club.
* * * LOW HITPOINT WARNING * * *
You block the two-headed ogre's attack.
You completely miss the two-headed ogre.
The two-headed ogre is almost dead.
The two-headed ogre hits you with a giant club!
* * * LOW HITPOINT WARNING * * *
The two-headed ogre hits you with a giant spiked club!
You die...

#o# #≈≈≈≈≈S.≈≈≈≈≈≈# #.#
#######†####### #O# #.###..#
#.# #......# #.#
###.#....#####.
##.###########..............
......oO..................##
##########.##...O..######.#
#.#....@o.## #
#..........#####
#..>.............
#..........######
#..........# #.##.......#
#########.###..>#..#
#.......).......#.....
#.#####.........#...##


You could see a two-headed ogre and an orc.

Vanquished Creatures
  A two-headed ogre (D:8)
  An ice beast (D:8)
  A black bear (D:8)
  A quasit (D:3)
  A jelly (D:8)
  Natasha (thrice) (D:2)
  A worker ant (D:8)
  3 adders (D:2)
  3 gnolls (D:2)
  2 oozes (D:1)
  A worm (D:2)
  4 dart slugs
  5 leopard geckos
  8 orcs
  3 giant cockroaches
  4 goblins (D:2)
  5 hobgoblins
  A quokka (D:2)
  2 ball pythons
  6 bats
  2 frilled lizards (D:2)
  8 kobolds
  6 rats
72 creatures vanquished.

Notes
Turn   | Place    | Note
-------+----------+-------------------------------------------
     0 | D:1      | Amnesiac the Mummy Fighter began the quest for the Orb.
     0 | D:1      | Reached XP level 1. HP: 18/18 MP: 1/1
   141 | D:1      | Reached skill level 1 in Dodging
   141 | D:1      | Reached XP level 2. HP: 19/24 MP: 2/2
   543 | D:1      | Reached XP level 3. HP: 25/29 MP: 3/3
   835 | D:2      | Found a blossoming altar of Fedhas.
   838 | D:2      | Found a radiant altar of Vehumet.
   858 | D:2      | Noticed Natasha
   875 | D:2      | Killed Natasha
   875 | D:2      | Reached XP level 4. HP: 3/35 MP: 4/4
  1105 | D:2      | Found a burning altar of Makhleb.
  1105 | D:2      | Found an opulent altar of Gozag.
  1105 | D:2      | Noticed Natasha
  1126 | D:2      | Killed Natasha
  1270 | D:2      | Found a bloodstained altar of Trog.
  1271 | D:2      | Found a basalt altar of Yredelemnul.
  1512 | D:2      | Noticed Natasha
  1533 | D:2      | Killed Natasha
  1533 | D:2      | Reached XP level 5. HP: 3/41 MP: 5/5
  1599 | D:2      | HP: 1/41 [adder (2)]
  2841 | D:4      | Noticed an ogre
  2853 | D:4      | Found a staircase to the Ecumenical Temple.
  2859 | Temple   | Entered the Ecumenical Temple
  3022 | Temple   | Became a worshipper of Warmaster Okawaru
  3070 | D:5      | Entered Level 5 of the Dungeon
  3090 | D:5      | You fall through a shaft for 3 floors!
  3090 | D:8      | Noticed an ice beast
  3090 | D:8      | Noticed a two-headed ogre
  3179 | D:8      | Noticed a black bear
  3183 | D:8      | Reached XP level 6. HP: 34/48 MP: 6/6
  3190 | D:8      | Killed an ice beast
  3190 | D:8      | Killed a two-headed ogre
  3190 | D:8      | Reached XP level 7. HP: 14/55 MP: 6/8
  3190 | D:8      | Reached XP level 8. HP: 15/61 MP: 6/9
  3301 | D:8      | Noticed a two-headed ogre
  3318 | D:8      | Slain by a two-headed ogre

Vault maps used:
D:1:      dpeg_arrival_oval
D:2:      grunt_temple_overflow_open, uniq_natasha
D:3:      first_ration, hangedman_decor_push, led_sif_pool,
          uniq_crazy_yiuf_cottage
D:4:      minmay_temple_entry_hall
D:5:      serial_co_window_serial, co_window_paths_a, co_window_cross_1,
          co_window_paths_b, co_window_corner_a, co_window_paths_b,
          co_window_cross_3, co_window_2corner, co_window_unsneaky_path_b,
          co_window_broadway_b, co_window_sun, co_window_paths_e, serial_shops,
          shop
D:8:      basic_altar, enter_bailey_3, blue_anna_alchemist,
          kennysheep_generic_room_16
Temple:   eino_temple_rhombus

Skill      XL: |  1  2  3  4  5  6 |
---------------+-------------------+-----
Dodging        | 1 2 3 4 |  4.1
Armour         | 3 4 |  4.1
Shields        | 3 4 |  4.0
Fighting       | 4 |  4.9
Invocations    | 2 |  2.3
Evocations     | 2 |  2.2
Long Blades    | |  1.5

Action                   |  1- 3 |  4- 6 |  7- 9 || total
-------------------------+-------+-------+-------++-------
Melee: Long sword        |    98 |   192 |    15 ||   305
Evoke: Wand              |       |     3 |    10 ||    13
  Use: Scroll            |       |     5 |       ||     5
 Stab: Fleeing           |       |     1 |       ||     1
Armor: Scale mail        |    33 |    14 |       ||    47
       Chain mail        |       |   178 |    11 ||   189
Dodge: Dodged            |    42 |    85 |     9 ||   136
Block: Shield            |    49 |   172 |    12 ||   233
       Rpst.: Long sword |    14 |    26 |     1 ||    41

Table legend:
 A = Spawn XP
 B = Non-spawn XP
 C = Spawn XP percentage of total XP
 D = Spawn monster count
 E = Non-spawn monster count
 F = Spawn count percentage of total count
 G = Total turns spent on level
                    A         B        C        D         E        F      G
               +---------+---------+-------+---------+---------+-------+---------
         Total |       0 |    1598 |   0.0 |       0 |      72 |   0.0 |  3318
               +---------+---------+-------+---------+---------+-------+---------
           D:1 |       0 |      47 |   0.0 |       0 |      20 |   0.0 |   760
           D:2 |       0 |     238 |   0.0 |       0 |      29 |   0.0 |  1689
           D:3 |       0 |      55 |   0.0 |       0 |       9 |   0.0 |   267
           D:4 |       0 |      10 |   0.0 |       0 |       4 |   0.0 |   180
           D:8 |       0 |    1248 |   0.0 |       0 |      10 |   0.0 |   228
               +---------+---------+-------+---------+---------+-------+---------
